 Dungeon Crawl Stone Soup version 0.25-a0-869-g05d4e06a41 (webtiles) character file.

Game seed: 15821568493262703669, levelgen mode: deterministic

411 Maedhros the Martial Artist (level 6, -4/38 HPs)
             Began as an Octopode Artificer on May 1, 2020.
             Shot with an arrow by a centaur (10 damage)
             ... on level 5 of the Dungeon.
             The game lasted 00:03:52 (1449 turns).

Maedhros the Martial Artist (Octopode Artificer)    Turns: 1449, Time: 00:03:53

Health: -4/38      AC:  1    Str: 11    XL:     6   Next: 90%
Magic:  8/8        EV: 13    Int: 14    God:
Gold:   127        SH:  0    Dex: 14    Spells: 5/5 levels left

rFire    . . .     SeeInvis .     - Unarmed
rCold    . . .     Gourm    .   (no shield)
rNeg     . . .     Faith    .   (helmet restricted)
rPois    .         Spirit   .   (no amulet)
rElec    .         Reflect  .   (no ring)
rCorr    .         Harm     .   (no ring)
MR       .....                  (no ring)
Stlth    ++++......             (no ring)
HPRegen  0.12/turn              (no ring)
MPRegen  0.11/turn              (no ring)
                                (no ring)
                                (no ring)

@: studying Unarmed Combat
A: almost no armour, stealthy swim, amphibious, 8 rings, constrict 8, camouflage
1, gelatinous body 1
a: no special abilities


You were on level 5 of the Dungeon.
You were not hungry.

You visited 1 branch of the dungeon, and saw 5 of its levels.

You collected 127 gold pieces.

Inventory:

Missiles
 h - 20 poisoned darts (quivered)
Jewellery
 a - an uncursed ring of stealth
 m - an uncursed amulet of the gourmand {unknown}
Wands
 b - a wand of flame (15)
 c - a wand of enslavement (9)
 d - a wand of random effects (14)
Scrolls
 e - a scroll of magic mapping {unknown}
 g - 3 scrolls of remove curse {unknown}
 i - a scroll of identify {unknown}
 k - 2 scrolls of enchant weapon {unknown}
 l - a scroll of immolation {unknown}
 n - a scroll of teleportation {unknown}
Potions
 o - a potion of might {unknown}
 r - a potion of magic {unknown}
Books
 p - a manual of Unarmed Combat
Comestibles
 f - 7 rations
 q - 6 chunks of flesh


   Skills:
 - Level 1.0 Fighting
   Level 1.0 Short Blades
 - Level 2.0 Dodging
 - Level 4.0 Stealth
 + Level 8.0 Unarmed Combat
 - Level 3.2 Evocations


You had 5 spell levels left.
You didn't know any spells.
Your spell library was empty.

Dungeon Overview and Level Annotations

Branches:
Dungeon (5/15)
 Temple: D:4-7

Altars:


Innate Abilities, Weirdness & Mutations

You cannot wear most types of armour.
You are very stealthy in the water. (Stealth+)
You are amphibious.
You can wear up to eight rings at the same time.
You can use your tentacles to constrict eight enemies at once.
Your skin changes colour to match your surroundings (Stealth+).
Your rubbery body absorbs attacks. (AC +1, EV +1)


Message History

You kill the adder!
Your Unarmed Combat skill increases to level 8!
You feel sick.
You see here an adder corpse.
You butcher the adder corpse.
q - 6 chunks of flesh (gained 2)
You see here an adder skeleton.
You feel sick.
You start resting.
You feel sick. x4
You are no longer poisoned.
You see here an adder skeleton.
A centaur comes into view.
The centaur shouts!
The centaur wields a +0 shortbow.
The centaur shoots an arrow.
The arrow hits you.
* * * LOW HITPOINT WARNING * * *
You see here an arrow.
The centaur shoots an arrow.
The arrow hits you!
You die...

#.#.#.##
#.......#.
#......#
######.##.
#...#..# #. #.
#......# #.##.
##...#.# #....
#.#.#.#
..####.
#.#.#.# ...#
#. #...(.#
#..###.
###@###
##......
#.......#
...####
#c##.##>#.
#..#### # #.#
....###..#...
#..
?#.....<#.##
###
...#.?##))....
............##
.#.(.....####
###..####


You could see a centaur.

Vanquished Creatures
  A centaur (D:4)
  A crimson imp (D:5)
  An orc wizard (D:4)
  Jessica (D:2)
  A hound skeleton (D:4)
  A gnoll (D:2)
  A howler monkey skeleton (D:4)
  3 adders
  A worm (D:3)
  2 dart slugs (D:1)
  A leopard gecko (D:1)
  6 orcs
  5 goblins
  7 hobgoblins
  4 jackals (D:2)
  A quokka (D:3)
  5 bats (D:1)
  3 frilled lizards (D:1)
  9 kobolds (D:1)
  8 rats
62 creatures vanquished.

Vanquished Creatures (collateral kills)
  A centaur (D:4)
  A howler monkey (D:5)
  A worker ant (D:4)
  A gnoll (D:2)
  An adder (D:4)
  A leopard gecko (D:4)
  4 orcs (D:4)
10 creatures vanquished.

Vanquished Creatures (others)
  A gnoll (D:2)
  An adder (D:2)
2 creatures vanquished.

Grand Total: 74 creatures vanquished

Notes
Turn   | Place    | Note
-------+----------+-------------------------------------------
     0 | D:1      | Maedhros the Octopode Artificer began the quest for the
                  | Orb.
     0 | D:1      | Reached XP level 1. HP: 13/13 MP: 3/3
    57 | D:1      | Reached XP level 2. HP: 14/18 MP: 4/4
   183 | D:1      | Reached XP level 3. HP: 13/23 MP: 5/5
   253 | D:1      | Reached skill level 1 in Unarmed Combat
   879 | D:2      | Noticed Jessica
   899 | D:2      | Killed Jessica
   899 | D:2      | Reached skill level 2 in Unarmed Combat
   899 | D:2      | Reached XP level 4. HP: 8/28 MP: 6/6
  1032 | D:2      | Reached skill level 3 in Unarmed Combat
  1167 | D:4      | Noticed a centaur
  1168 | D:4      | Noticed a centaur
  1178 | D:4      | Reached XP level 5. HP: 21/33 MP: 7/7
  1194 | D:4      | Killed a centaur
  1194 | D:4      | Reached skill level 4 in Unarmed Combat
  1197 | D:4      | Killed a centaur
  1197 | D:4      | Reached skill level 6 in Unarmed Combat
  1197 | D:4      | Reached XP level 6. HP: 29/38 MP: 8/8
  1302 | D:4      | Reached skill level 7 in Unarmed Combat
  1334 | D:5      | Entered Level 5 of the Dungeon
  1419 | D:5      | Reached skill level 8 in Unarmed Combat
  1449 | D:5      | Shot with an arrow by a centaur

Levels and vault maps discovered:
D:1:      dpeg_arrival_lava_temple_mockup, layout_basic, minmay_tetromino_o2
D:2:      layout_loops_ring, first_ration, uniq_jessica
D:3:      layout_basic
D:4:      minmay_spotlight, layout_basic, minmay_manual_mares
D:5:      layout_loops_cross

Skill      XL: |  1  2  3  4  5  6 |
---------------+-------------------+-----
Stealth        | 2 4 |  4.0
Unarmed Combat | 2 3 6 8 |  8.0
Fighting       | |  1.0
Short Blades   | |  1.0
Dodging        | |  2.0
Evocations     | |  3.2

Action                   |  1- 3 |  4- 6 || total
-------------------------+-------+-------++-------
Melee: Short sword       |    69 |    26 ||    95
       Constrict         |    17 |    17 ||    34
       Tentacles         |     5 |    14 ||    19
       Unarmed           |       |    29 ||    29
       Punch             |       |     1 ||     1
Evoke: Wand              |     2 |     5 ||     7
  Use: Potion            |       |     4 ||     4
 Stab: Sleeping          |     8 |     4 ||    12
       Paralysed         |     1 |       ||     1
  Eat: Chunk             |       |     2 ||     2
Armor: Skin              |     9 |     2 ||    11
Dodge: Dodged            |    45 |    27 ||    72

Table legend:
 A = Non-vault XP
 B = Vault XP
 C = Vault XP percentage of total XP
 D = Non-vault monster count
 E = Vault monster count
 F = Vault count percentage of total count
                 A         B        C        D         E       F
            +---------+---------+-------+---------+---------+-------
      Total |     339 |     249 |  42.3 |      69 |       3 |   4.2
            +---------+---------+-------+---------+---------+-------
        D:1 |      59 |       0 |   0.0 |      34 |       0 |   0.0
        D:2 |      31 |      36 |  53.7 |      10 |       1 |   9.1
        D:3 |      10 |       0 |   0.0 |       4 |       0 |   0.0
        D:4 |     122 |     213 |  63.6 |      13 |       2 |  13.3
        D:5 |     117 |       0 |   0.0 |       8 |       0 |   0.0
            +---------+---------+-------+---------+---------+-------
